 Dungeon Crawl Stone Soup version 0.29.1-15-g9cfb28693d (webtiles) character file.

Game seed: 13114046098728810878

28 javelincjr the Magician (level 2, 0/20 HPs)
             Began as a Demonspawn Hedge Wizard on Apr 4, 2023.
             Was a Follower of Wu Jian.
             Succumbed to an adder's poison
             ... on level 2 of the Dungeon.
             The game lasted 00:03:18 (1357 turns).

javelincjr the Magician (Demonspawn Hedge Wizard)   Turns: 1357, Time: 00:03:18

Health: 0/20       AC:  2    Str: 10    XL:     2   Next: 96%
Magic:  1/6        EV: 12    Int: 15    God:    Wu Jian [*.....]
Gold:   68         SH:  0    Dex: 12    Spells: 6/7 levels left

rFire   . . .      SeeInvis .   e - +2 whip (elec)
rCold   . . .      Faith    .   (no shield)
rNeg    . . .      Spirit   .   b - +0 robe
rPois   .          Reflect  .   c - +0 hat
rElec   .          Harm     .   (no cloak)
rCorr   .          Rampage  .   (no gloves)
Will    .....                   (no boots)
Stlth   ++........              (no amulet)
HPRegen 0.06/turn               (no ring)
MPRegen 0.20/turn               (no ring)

@: lethally poisoned (0 -> -1)
A: magic regeneration
a: Renounce Religion


You were on level 2 of the Dungeon.
You worshipped Wu Jian.
Wu Jian was aware of your devotion.
You visited 1 branch of the dungeon, and saw 2 of its levels.

You collected 68 gold pieces.

Inventory:

Hand Weapons
 a - a +0 dagger
 e - a +2 whip of electrocution (weapon)
Missiles
 i - 4 poisoned darts
Armour
 b - a +0 robe (worn)
 c - a +0 hat (worn)
 h - a +1 chain mail of poison resistance
Scrolls
 f - 2 scrolls of noise {unknown}
 g - a scroll of poison {unknown}
Potions
 d - a potion of magic
 j - a potion of curing {unknown}


   Skills:
 * Level 0.6 Fighting
 + Level 0.4 Armour
 + Level 2.0 Dodging
 - Level 1.9 Stealth
 * Level 3.1 Spellcasting
 + Level 1.4 Conjurations
 + Level 1.2 Summonings
 + Level 1.2 Translocations


You had 6 spell levels left.
You knew the following spells:

 Your Spells              Type           Power      Damage    Failure   Level
a - Magic Dart            Conj           24%        1d4       11%         1

Your spell library contained the following spells:

 Spells                   Type           Power      Damage    Failure   Level
 Call Imp                 Summ           6%         N/A       17%         2
 Blink                    Tloc           12%        N/A       19%         2
 Slow                     Hex            8%         N/A       21%         1
 Conjure Flame            Conj/Fire      4%         6-21      41%         3
 Mephitic Cloud           Conj/Pois/Air  3%         N/A       43%         3


Dungeon Overview and Level Annotations

Branches:
Dungeon (2/15)

Altars:
Wu Jian


Innate Abilities, Weirdness & Mutations

You regenerate magic rapidly.


Message History

Aim: an adder (100% to hit)
The magic dart hits the adder but does no damage.
The adder closely misses you.
Casting: Magic Dart (safe; 11% risk of failure)
Confirm with . or Enter, or press ? or * to list all spells.
Aiming: Magic Dart (safe; 11% risk of failure)
Press: ? - help, Shift-Dir - straight line, f/p - adder
Aim: an adder (100% to hit)
The magic dart hits the adder.
The adder is moderately wounded.
The adder barely misses you.
Casting: Magic Dart (safe; 11% risk of failure)
Confirm with . or Enter, or press ? or * to list all spells.
Aiming: Magic Dart (safe; 11% risk of failure)
Press: ? - help, Shift-Dir - straight line, f/p - adder
Aim: an adder (moderately wounded, 100% to hit)
The magic dart hits the adder.
The adder is heavily wounded.
The adder bites you. x2
You hit the adder.
The adder is almost dead.
The adder barely misses you.
You barely miss the adder.
The adder is almost dead.
The adder bites you.
* * * LOW HITPOINT WARNING * * *
You are lethally poisoned!
The adder poisons you! The adder barely misses you.
Your magical contamination has completely faded away.
You miss the adder.
The adder is almost dead.
* * * LOW HITPOINT WARNING * * *
You feel sick. The adder closely misses you.
You barely miss the adder.
The adder is almost dead.
* * * LOW HITPOINT WARNING * * *
You feel sick. The adder barely misses you.
You closely miss the adder.
The adder is almost dead.
You die...

# #########
#. #.$.....#
#..#.......#
#S.#.......#
.........#
#.......##
#S<†......
#@......##
#########


You could see an adder.

Vanquished Creatures
  An adder (D:2)
  2 ball pythons
  A bat (D:1)
  4 goblins (D:1)
  3 hobgoblins (D:1)
  3 kobolds (D:1)
  3 rats (D:1)
17 creatures vanquished.

Vanquished Creatures (others)
  3 fungi (D:1)
  A plant (D:1)
4 creatures vanquished.

Grand Total: 21 creatures vanquished

Notes
Turn   | Place    | Note
-------+----------+-------------------------------------------
     0 | D:1      | javelincjr the Demonspawn Hedge Wizard began the quest for
                  | the Orb.
     0 | D:1      | Reached XP level 1. HP: 13/13 MP: 4/4
   122 | D:1      | Reached skill level 1 in Translocations
   454 | D:1      | Gained mutation: You regenerate magic rapidly. [demonic
                  | ancestry]
   454 | D:1      | Reached XP level 2. HP: 19/19 MP: 3/6
   945 | D:1      | Found a faded altar of an unknown god.
   986 | D:1      | Prayed at the altar of an unknown god.
   986 | D:1      | Became a worshipper of the Wu Jian Council
   986 | D:1      | Reached * piety under Wu Jian
  1356 | D:2      | HP: 1/20 [poisoned by an adder]
  1357 | D:2      | Succumbed to an adder's poison

Illustrated notes

Levels and vault maps discovered:
D:1:      erik_arrival_triangle_small, layout_loops_ring,
          shapermc_ecumenical_altar_ellora
D:2:      layout_loops_ring, uniq_crazy_yiuf_cottage, uniq_jessica

Skill      XL: |  1  2 |
---------------+-------+-----
Translocations | 1 |  1.2
Dodging        | 2 |  2.0
Fighting       | |  0.6
Armour         | |  0.4
Stealth        | |  1.9
Spellcasting   | |  3.1
Conjurations   | |  1.4
Summonings     | |  1.2

Action                   || total
-------------------------++-------
Melee: Whip              ||    28
       Dagger            ||     1
       Punch             ||     2
 Cast: Magic Dart        ||    44
Armor: Robe              ||     1
Dodge: Dodged            ||    11
